 Dungeon Crawl Stone Soup version 0.28-a0-631-g0446da8ef9 (webtiles) character file.

Game seed: 6239021403411373972

56850 rogsnak the Thaumaturge (level 14, -1/90 HPs)
             Began as a Barachi Air Elementalist on Oct 9, 2021.
             Was a High Priest of Vehumet.
             Slain by a swamp dragon (4 damage)
             ... on level 4 of the Lair of Beasts on Oct 10, 2021.
             The game lasted 01:21:20 (27835 turns).

rogsnak the Thaumaturge (Barachi Air Elementalist) Turns: 27835, Time: 01:21:21

Health: -1/90      AC: 11    Str:  9    XL:     14   Next: 83%
Magic:  6/41       EV: 12    Int: 21    God:    Vehumet [*****.]
Gold:   2023       SH:  3    Dex: 13    Spells: 21/42 levels left

rFire   . . .      SeeInvis .   l - +0 whip (elec)
rCold   + . .      Faith    .   m - +0 buckler
rNeg    . . .      Spirit   .   g - +0 troll leather armour
rPois   .          Reflect  .   V - +0 helmet
rElec   .          Harm     .   a - +0 cloak {Will+}
rCorr   .          Rampage  .   d - +0 pair of gloves
Will    ++...                   o - +2 pair of boots
Stlth   ++........              U - amulet of the acrobat
HPRegen 1.25/turn               X - ring of magical power
MPRegen 0.27/turn               i - ring of protection from cold

@: lethally poisoned (-1 -> -35), slow
A: amphibious, slowness 1, strong legs 2, +LOS
a: Hop, Renounce Religion


You were on level 4 of the Lair of Beasts.
You worshipped Vehumet.
Vehumet was extremely pleased with you.
You visited 3 branches of the dungeon, and saw 22 of its levels.
You also visited: Sewer, Bailey and Ice Cave.

You collected 2023 gold pieces.

Inventory:

Hand Weapons
 l - a +0 whip of electrocution (weapon)
 A - a +0 morningstar of venom
 K - a +5 morningstar
Missiles
 b - 2 throwing nets
 j - 8 atropa-tipped darts
 s - 72 poisoned darts
 u - 11 curare-tipped darts
Armour
 a - a +0 cloak of willpower (worn)
 d - a +0 pair of gloves (worn)
 g - a +0 troll leather armour (worn)
 m - a +0 buckler (worn)
 o - a +2 pair of boots (worn)
 N - a +1 robe of cold resistance
 V - a +0 helmet (worn)
Jewellery
 e - a ring of willpower
 i - a ring of protection from cold (right hand)
 B - a +4 ring of protection
 U - an amulet of the acrobat (around neck)
 X - a ring of magical power (left hand)
Wands
 E - a wand of polymorph (4)
 M - a wand of acid (6)
 Q - a wand of flame (58)
 R - a wand of iceblast (7)
 S - a wand of charming (21)
 T - a wand of mindburst (14)
 Z - a wand of paralysis (10)
Scrolls
 h - 9 scrolls of teleportation
 k - 5 scrolls of fog {unknown}
 n - 3 scrolls of immolation
 r - 5 scrolls of enchant weapon {unknown}
 v - a scroll of summoning
 w - 2 scrolls of fear
 y - 2 scrolls of blinking
 D - 3 scrolls of vulnerability {unknown}
 G - 3 scrolls of brand weapon
 I - 4 scrolls of magic mapping {unknown}
 W - 2 scrolls of amnesia
 Y - 2 scrolls of holy word
Potions
 c - 2 potions of cancellation
 f - a potion of ambrosia
 p - 4 potions of haste {unknown}
 q - 3 potions of degeneration {unknown}
 t - 3 potions of magic {unknown}
 x - 7 potions of heal wounds {unknown}
 z - 8 potions of brilliance {unknown}
 C - 2 potions of mutation
 F - a potion of flight
 H - 11 potions of curing {unknown}
 J - a potion of resistance
 L - 3 potions of lignification
 O - 3 potions of might
 P - a potion of invisibility


   Skills:
 + Level 2.3 Fighting
 - Level 0.5 Maces & Flails
 + Level 3.9 Armour
 + Level 5.0 Dodging
 - Level 2.0 Stealth
 + Level 14.8 Spellcasting
 + Level 14.4 Conjurations
 + Level 12.7 Air Magic
 + Level 10.9 Earth Magic


You had 21 spell levels left.
You knew the following spells:

 Your Spells              Type           Power      Damage    Failure   Level
a - Shock                 Conj/Air       100%       1d9       1%          1
b - Swiftness             Air            62%        N/A       1%          3
c - Stone Arrow           Conj/Erth      100%       3d13      1%          3
d - Airstrike             Air            31%        N/A       1%          4
e - Lightning Bolt        Conj/Air       32%        1d49      1%          5
f - Lee's Rapid Deconstr  Erth           28%        3d16*     1%          5

Your spell library contained the following spells:

 Spells                   Type           Power      Damage    Failure   Level
 Ozocubu's Refrigeration  Ice            7%         4d6       100%        7
 Sandblast                Erth           100%       2d20      1%          1
 Passwall                 Tmut/Erth      31%        N/A       1%          2
 Static Discharge         Conj/Air       64%        N/A       1%          2
 Summon Lightning Spire   Summ/Air       42%        N/A       6%          4
 Apportation              Tloc           30%        N/A       9%          1
 Beastly Appendage        Tmut           30%        N/A       9%          1
 Wereblood                Tmut           15%        N/A       14%         2
 Silence                  Hex/Air        21%        N/A       19%         5
 Spider Form              Tmut/Pois      7%         N/A       26%         3
 Tukima's Dance           Hex            15%        N/A       26%         3
 Yara's Violent Unravell  Hex/Tmut       7%         3d5       50%         5
 Lehudib's Crystal Spear  Conj/Erth      31%        10d8      58%         8
 Passage of Golubria      Tloc           N/A        N/A       65%         4
 Summon Ice Beast         Ice/Summ       15%        N/A       65%         4
 Alistair's Intoxication  Tmut/Pois      10%        N/A       94%         5
 Summon Mana Viper        Hex/Summ       15%        N/A       94%         5
 Invisibility             Hex            7%         N/A       100%        6
 Monstrous Menagerie      Summ           7%         N/A       100%        7


Dungeon Overview and Level Annotations

Branches:
Dungeon (14/15)            Temple (0/1) D:5            Lair (6/6) D:9
  Slime (0/5) Lair:5          Orc (2/2) D:9           Sewer (visited)
 Bailey (visited)           IceCv (visited)
  Swamp: Lair:2-4    Shoals: Lair:2-4     Snake: Lair:2-4    Spider: Lair:2-4
    Elf: Orc:2       Vaults: D:13-14

Altars:
Dithmenos
Fedhas
Gozag
Kikubaaqudgha
Makhleb
Nemelex Xobeh
Okawaru
Sif Muna
Trog
Uskayaw
Vehumet
Yredelemnul
Jiyva

Shops:
D:5 (   D:7 *

Annotations:
D:3 3 runed translucent doors, AlleluiaPinecone's ghost, amateur VSBr
D:8 wall cache, AttackTheMoon's ghost, journeyman KoDe
D:10 1 runed translucent door, SkeletonJelly's ghost, journeyman TeBr
D:14 Azrael
Lair:3 3 runed translucent doors, Xohucet's ghost, journeyman MfGl


Innate Abilities, Weirdness & Mutations

You are amphibious.
You cover ground slowly.
You can hop long distances.
You have an extended range of vision and can be seen from far away.


Message History

Press: ? - help, Shift-Dir - straight line, f/p - swamp dragon
Aim: a swamp dragon (poison gas, almost dead, catching its breath, 78% to hit)
You hear a mighty clap of thunder!
The bolt of lightning misses the swamp dragon.
You are engulfed in poison gas.
You are more poisoned.
You feel extremely sick.
Unknown command.
Casting: Lightning Bolt (mildly dangerous; 1% risk of failure)
Confirm with . or Enter, or press ? or * to list all spells.
Aiming: Lightning Bolt (mildly dangerous; 1% risk of failure)
Press: ? - help, Shift-Dir - straight line, f/p - swamp dragon
Aim: a swamp dragon (poison gas, almost dead, catching its breath, 78% to hit)
You hear a mighty clap of thunder!
The bolt of lightning hits the swamp dragon.
The swamp dragon is almost dead.
You are engulfed in poison gas.
You are more poisoned.
You feel extremely sick. The swamp dragon bites you!
* * * LOW HITPOINT WARNING * * *
The swamp dragon claws you.
* * * LOW HITPOINT WARNING * * *
The swamp dragon tramples you but does no damage.
Casting: Lightning Bolt (mildly dangerous; 1% risk of failure)
Confirm with . or Enter, or press ? or * to list all spells.
Aiming: Lightning Bolt (mildly dangerous; 1% risk of failure)
Press: ? - help, Shift-Dir - straight line, f/p - swamp dragon
Aim: a swamp dragon (poison gas, almost dead, 78% to hit)
You hear a mighty clap of thunder!
The bolt of lightning hits the swamp dragon.
The swamp dragon is almost dead.
You are engulfed in poison gas.
You are more poisoned.
* * * LOW HITPOINT WARNING * * *
x2 You feel extremely sick.
The swamp dragon bites you.
* * * LOW HITPOINT WARNING * * *
The swamp dragon claws you.
You die...

.. #P..# #..P# .##
###...#### #...#
..##.#...#..###..#
................## #
................# #. .
....##....#...P# #..
#..# #....##..## . .#.
#..# ##°.###...#
...##.###..# #.@.##..##
.....†○.°°○# ##D°##P..#
#D...#.°○○°###°...##..#
......+.D....○........##
.....⌠..#...........>..#
......+..........P#....#
#....####.........##..##
....####P........#.#...#
...###P............#..##


You could see a swamp dragon.

Vanquished Creatures
  A frost giant (IceCv)
  An orc warlord (Orc:2)
  4 boulder beetles
  A catoblepas (D:13)
  3 hydras
  Erica (D:8)
  7 two-headed ogres
  A tengu warrior (D:13)
  6 death yaks (IceCv)
  Sonja (Orc:1)
  Pikel (D:7)
  An orc knight (Bailey)
  2 deep elf pyromancers (D:13)
  An orc sorcerer (Orc:1)
  2 ugly things (D:13)
  5 cyclopes
  A manticore (D:13)
  4 elephants (Lair:3)
  An ice statue (IceCv)
  A gargoyle (D:12)
  8 cane toads
  8 rime drakes
  5 komodo dragons
  An unseen horror (D:12)
  A tengu conjurer (D:13)
  6 polar bears
  14 blink frogs
  3 hornets
  6 trolls
  Prince Ribbit (D:7)
  12 slime creatures
  3 shadows
  A water elemental (D:12)
  A wraith (D:14)
  4 wyverns
  3 basilisks
  A steam dragon (D:8)
  40 yaks
  2 vampire mosquitoes
  3 wargs
  2 acid dragons
  18 water moccasins
  2 hell hounds
  3 ice beasts
  4 sky beasts
  A black bear (D:9)
  22 orc warriors
  6 wolves (IceCv)
  9 ogres
  5 centaurs
  4 lemures (D:7)
  2 phantoms
  6 kobold brigands
  6 bullfrogs
  5 scorpions
  2 gnoll sergeants
  2 water moccasin zombies
  A water moccasin skeleton (D:5)
  5 wights
  10 killer bees
  10 electric eels
  2 howler monkeys
  A bullfrog zombie (D:5)
  5 centaur zombies
  A gnoll shaman (D:10)
  4 hounds
  17 orc priests
  2 centaur skeletons
  3 iguanas
  A bullfrog skeleton (D:5)
  16 orc wizards
  A hound skeleton (D:5)
  2 howler monkey zombies
  22 gnolls
  6 adders
  A shadow imp (D:5)
  3 worms
  51 orcs
  4 endoplasms
  A giant cockroach (D:2)
  8 goblins
  5 hobgoblins
  2 jackals (D:3)
  35 kobolds
  A quokka (D:2)
  7 ball pythons
  2 bats (D:1)
  A frilled lizard (D:2)
  7 rats
504 creatures vanquished.

Vanquished Creatures (others)
  A bush (Lair:4)
  43 fungi
  67 plants
111 creatures vanquished.

Grand Total: 615 creatures vanquished

Notes
Turn   | Place    | Note
-------+----------+-------------------------------------------
     0 | D:1      | rogsnak the Barachi Air Elementalist began the quest for
                  | the Orb.
     0 | D:1      | Reached XP level 1. HP: 13/13 MP: 3/3
   313 | D:1      | Reached XP level 2. HP: 19/19 MP: 3/5
   570 | D:1      | Found a faded altar of an unknown god.
  1276 | D:2      | Reached XP level 3. HP: 23/24 MP: 2/7
  1280 | D:2      | Learned a level 3 spell: Swiftness
  1284 | D:2      | Learned a level 3 spell: Stone Arrow
  2337 | D:3      | Found a runed translucent gate.
  2338 | D:3      | Found a runed translucent gate.
  2341 | D:3      | Found a runed translucent gate.
  2342 | D:3      | Noticed AlleluiaPinecone's ghost (amateur VSBr)
  2463 | D:3      | Reached XP level 4. HP: 31/31 MP: 0/9
  2791 | D:3      | Noticed a phantom
  2806 | D:3      | Killed a phantom
  2807 | D:3      | Reached XP level 5. HP: 36/36 MP: 3/10
  2975 | D:4      | Noticed an ogre
  2988 | D:4      | Killed an ogre
  3116 | D:4      | Noticed an ogre
  3122 | D:4      | Killed an ogre
  3123 | D:4      | Reached skill level 1 in Fighting
  3123 | D:4      | Reached XP level 6. HP: 28/43 MP: 8/12
  3127 | D:4      | Found a glowing drain.
  3209 | Sewer    | Entered a sewer
  3329 | Sewer    | Reached skill level 5 in Air Magic
  3541 | Sewer    | Reached XP level 7. HP: 47/48 MP: 4/13
  4055 | D:4      | Reached skill level 5 in Conjurations
  4155 | D:4      | Reached skill level 5 in Spellcasting
  4391 | D:4      | Found a bloodstained altar of Trog.
  4473 | D:5      | Entered Level 5 of the Dungeon
  4607 | D:5      | Reached XP level 8. HP: 48/54 MP: 6/16
  4910 | D:5      | Found a radiant altar of Vehumet.
  4950 | D:5      | Became a worshipper of Vehumet
  4989 | D:5      | Found a burning altar of Makhleb.
  4989 | D:5      | Noticed a blizzard demon
  4999 | D:5      | Found a staircase to the Ecumenical Temple.
  5176 | D:5      | Found Riaj's Weapon Emporium.
  5378 | D:5      | Found an ancient bone altar of Kikubaaqudgha.
  5554 | D:5      | Reached skill level 1 in Earth Magic
  5617 | D:5      | Found a blossoming altar of Fedhas.
  5887 | D:6      | Learned a level 4 spell: Airstrike
  6179 | D:6      | Found a shadowy altar of Dithmenos.
  6342 | D:6      | Reached XP level 9. HP: 30/59 MP: 6/20
  6653 | D:6      | Found an iron altar of Okawaru.
  6694 | D:6      | Reached * piety under Vehumet
  6694 | D:6      | Offered knowledge of Magic Dart by Vehumet.
  7712 | D:7      | Noticed Pikel
  8323 | D:7      | Found Awkeg's General Store.
  8450 | D:7      | Noticed Prince Ribbit
  8462 | D:7      | Killed Prince Ribbit
  8716 | D:7      | Found a basalt altar of Yredelemnul.
  8717 | D:7      | Found a hide-covered altar of Uskayaw.
  9191 | D:7      | Killed Pikel
  9192 | D:7      | Reached XP level 10. HP: 67/67 MP: 7/22
  9993 | D:8      | Noticed AttackTheMoon's ghost (journeyman KoDe)
  9993 | D:8      | Found a runed translucent door.
 10171 | D:8      | Noticed Erica
 10188 | D:8      | Killed Erica
 10423 | D:8      | Reached skill level 5 in Earth Magic
 10534 | D:8      | Noticed a two-headed ogre
 10534 | D:8      | Noticed a manticore
 10534 | D:8      | Found the +10 morningstar "Eos" {elec, Halo rElec}
 10534 | D:8      | Noticed a two-headed ogre
 10534 | D:8      | Noticed a cyclops
 10534 | D:8      | Noticed a cyan ugly thing
 10535 | D:8      | Noticed a seven-headed hydra
 10536 | D:8      | Noticed a manticore
 10583 | D:8      | Offered knowledge of Scorch by Vehumet.
 10702 | D:8      | Reached ** piety under Vehumet
 11338 | D:9      | Reached skill level 10 in Spellcasting
 11338 | D:9      | Reached skill level 10 in Conjurations
 11380 | D:9      | Found a staircase to the Orcish Mines.
 11809 | D:9      | Noticed a two-headed ogre
 11947 | D:9      | Killed a two-headed ogre
 11948 | D:9      | Reached XP level 11. HP: 72/72 MP: 12/25
 12544 | D:9      | Found a staircase to the Lair.
 12629 | D:10     | Entered Level 10 of the Dungeon
 12792 | D:10     | Found a flagged portal.
 12875 | D:10     | Noticed a boulder beetle
 12877 | Bailey   | Entered a bailey
 12916 | Bailey   | Offered knowledge of Searing Ray by Vehumet.
 12942 | Bailey   | Reached *** piety under Vehumet
 13143 | Bailey   | Noticed an orc knight
 13154 | Bailey   | Killed an orc knight
 13163 | Bailey   | Offered knowledge of Conjure Flame by Vehumet.
 13379 | D:10     | Found a runed translucent door.
 13393 | D:10     | Killed a boulder beetle
 13576 | D:10     | Noticed SkeletonJelly's ghost (journeyman TeBr)
 14656 | D:11     | Noticed a two-headed ogre
 14661 | D:11     | Killed a two-headed ogre
 14787 | D:11     | Noticed a boulder beetle
 15094 | D:11     | Killed a boulder beetle
 15386 | D:10     | Learned a level 5 spell: Lightning Bolt
 15545 | D:11     | Found a shimmering blue altar of Sif Muna.
 15575 | D:11     | Reached **** piety under Vehumet
 15639 | D:11     | Reached XP level 12. HP: 78/78 MP: 26/27
 15746 | D:12     | Noticed a two-headed ogre
 15750 | D:12     | Killed a two-headed ogre
 15751 | D:12     | Reached skill level 1 in Armour
 15912 | D:12     | Noticed a boulder beetle
 15965 | D:12     | Killed a boulder beetle
 15965 | D:12     | Offered knowledge of Lee's Rapid Deconstruction by Vehumet.
 16047 | D:12     | Noticed a two-headed ogre
 16270 | D:12     | Noticed a two-headed ogre
 16273 | D:12     | Killed a two-headed ogre
 16661 | D:12     | Killed a two-headed ogre
 17004 | D:12     | Reached skill level 10 in Air Magic
 17422 | D:13     | Noticed a tengu warrior
 17466 | D:13     | Noticed a two-headed ogre
 17469 | D:13     | Killed a two-headed ogre
 17534 | D:13     | Found a frozen archway.
 17567 | IceCv    | Entered an ice cave
 17768 | IceCv    | Noticed a death yak
 17775 | IceCv    | Killed a death yak
 17811 | IceCv    | Gained mutation: You can hop long distances. [Barachi
                  | growth]
 17811 | IceCv    | Reached XP level 13. HP: 83/83 MP: 29/29
 17817 | IceCv    | Learned a level 5 spell: Lee's Rapid Deconstruction
 18275 | IceCv    | Noticed a frost giant
 18369 | IceCv    | Reached ***** piety under Vehumet
 18726 | IceCv    | Offered knowledge of Conjure Ball Lightning by Vehumet.
 18928 | IceCv    | Killed a frost giant
 20072 | D:13     | Found a sparkling altar of Nemelex Xobeh.
 20573 | D:14     | Noticed Azrael
 20983 | Orc:1    | Entered Level 1 of the Orcish Mines
 21238 | Orc:1    | Reached XP level 14. HP: 90/90 MP: 28/31
 21284 | Orc:1    | Noticed Sonja
 21292 | Orc:1    | Killed Sonja
 21463 | Orc:1    | Reached skill level 10 in Earth Magic
 21961 | Orc:2    | Entered Level 2 of the Orcish Mines
 22007 | Orc:2    | Offered knowledge of Fireball by Vehumet.
 22275 | Orc:2    | Noticed an orc warlord
 22499 | Orc:2    | Killed an orc warlord
 23207 | Lair:1   | Entered Level 1 of the Lair of Beasts
 24337 | Lair:1   | Found an opulent altar of Gozag.
 25761 | Lair:3   | Found a runed translucent gate.
 25762 | Lair:3   | Found a runed translucent gate.
 25763 | Lair:3   | Found a runed translucent gate.
 25769 | Lair:3   | Noticed Xohucet's ghost (journeyman MfGl)
 25952 | Lair:3   | You fall into a shaft and drop 3 floors!
 25952 | Lair:6   | Entered Level 6 of the Lair of Beasts
 26309 | Lair:5   | Found a staircase to the Slime Pits.
 26993 | Lair:3   | Found a viscous altar of Jiyva.
 27333 | Lair:3   | Offered knowledge of Ozocubu's Refrigeration by Vehumet.
 27438 | Lair:3   | Reached skill level 5 in Dodging
 27835 | Lair:4   | HP: 3/90 [swamp dragon (6)]
 27835 | Lair:4   | Slain by a swamp dragon

Illustrated notes

Levels and vault maps discovered:
D:1:      psy_arrival_whirlpool, layout_basic,
          shapermc_ecumenical_altar_notcrosses,
          hangedman_abyss_or_decor_lesser_grid
D:2:      layout_loops_ring
D:3:      layout_loops_cross, gammafunk_ghost_necromancy
D:4:      layout_rooms, kennysheep_little_box, portal_sewer_entry_b,
          minmay_distorted
D:5:      layout_basic, nicolae_overflow_crystal_walls,
          overflow_temple_1_default, makhleb_altar_promises_db,
          mainiacjoe_overflow_surrounded_room, serial_shops, shop, minmay_holes
D:6:      layout_layer_cave, kennysheep_mini, lemuel_doored_altar
D:7:      layout_layer_cave, grunt_temple_overflow_open, serial_shops,
          nicolae_shop_trees, grunt_ministairs_10, uniq_prince_ribbit1,
          uniq_pikel
D:8:      layout_cave_pools, ebering_ghost_inner_flame, minivault_12, uniq_erica
D:9:      layout_basic, grunt_lair_entry_orc_guard_hut, orc_0_dummy,
          minmay_misc_feat_rows, minmay_misc_feat_diagonals
D:10:     layout_stronghold, serial_co_window_serial, co_window_paths_a,
          co_window_paths_a, co_window_corner_a, co_window_paths_a,
          co_window_corner_a, co_window_corner_b, co_window_broadway_c,
          co_window_of_opportunity_c, co_window_2corner, co_window_4corner_a,
          gammafunk_ghost_grave, enter_bailey_6
D:11:     layout_rooms, nrook_mini_backslash, lemuel_blue_sif_altar
D:12:     layout_basic
D:13:     layout_basic, portal_ice_cave_entry_pillars_2,
          chequers_serial_rivers_large_b, nemelex_lonely_heart_becter
D:14:     layout_rooms, david_vaults_1, serial_shops,
          nicolae_inconvenience_store, chequers_serial_rivers_room_b,
          uniq_azrael
Lair:1:   layout_misc_corridors, basic_altar, lemuel_fruit_fields
Lair:2:   layout_loops_ring, st_stairs_3
Lair:3:   layout_roguey, gammafunk_ghost_ooze, serial_bayou_pond_a,
          serial_bayou_shore_a, infiniplex_staircase_pool_2
Lair:4:   layout_small_grid, minmay_swamp_entry_reptiles,
          minmay_snake_entry_guardpost_small, grunt_forest_large_clearing_hut,
          grunt_megastairs_5
Lair:5:   layout_regular_city, slime_dummy, chequers_serial_rivers_marsh,
          lookout_lair_type, grunt_megastairs_1
Lair:6:   minmay_lair_end_enchanted_forest, layout_small_grid
Orc:1:    layout_diamond_mine, uniq_sonja
Orc:2:    st_orc_pillars, layout_caves

Skill      XL: |  1  2  3  4  5  6  7  8  9 10 11 12 13 14 |
---------------+-------------------------------------------+-----
Stealth        | 2 |  2.0
Spellcasting   | 3 4 5 7 8 10 11 12 13 14 | 14.8
Air Magic      | 4 5 6 7 8 10 12 | 12.7
Conjurations   | 2 3 4 5 6 9 10 11 12 13 14 | 14.4
Fighting       | 1 2 |  2.3
Dodging        | 3 4 5 |  5.0
Earth Magic    | 1 3 6 7 9 10 | 10.9
Armour         | 2 3 |  3.9
Maces & Flails | |  0.5

Action                   |  1- 3 |  4- 6 |  7- 9 | 10-12 | 13-15 || total
-------------------------+-------+-------+-------+-------+-------++-------
Melee: Hand axe          |     9 |       |       |       |       ||     9
       Dagger            |    20 |     1 |    22 |       |       ||    43
       Battleaxe         |       |       |     1 |       |       ||     1
       Whip              |       |       |       |    20 |    26 ||    46
 Cast: Shock             |    73 |    56 |   125 |    85 |    45 ||   384
       Stone Arrow       |       |       |    96 |   286 |   402 ||   784
       Lightning Bolt    |       |       |       |    15 |    89 ||   104
       Airstrike         |       |       |       |       |    20 ||    20
       Lee's Rapid Decon |       |       |       |       |     4 ||     4
       Swiftness         |       |       |       |       |     1 ||     1
 Abil: Hop               |     1 |     1 |     3 |     2 |     7 ||    14
Evoke: Wand              |       |       |       |       |     1 ||     1
  Use: Scroll            |       |       |       |    13 |     6 ||    19
 Stab: Sleeping          |       |     1 |     1 |       |       ||     2
Armor: Robe              |     5 |     2 |    11 |    37 |       ||    55
       Troll leather arm |       |       |       |    18 |    46 ||    64
Dodge: Dodged            |    36 |    14 |    38 |    99 |   104 ||   291
Block: Buckler           |       |       |       |       |    25 ||    25

Table legend: (Time is in decaauts)
 A = Elapsed time spent in this place.
 B = Non-inter-level travel time spent in this place.
 C = Inter-level travel time spent in this place.
 D = Time resting spent in this place.
 E = Time spent auto-exploring this place.
 F = Levels seen in this place.
 G = Mean time per level.
                   A        B        C        D        E       F      G
               +--------+--------+--------+--------+--------+-----+--------+
         Total |  30687 |  30124 |    563 |   7440 |  16066 |  25 | 1227.5 |
       Dungeon |  20716 |  20273 |    443 |   4222 |  12251 |  14 | 1479.7 |
          Lair |   4935 |   4897 |     38 |   1177 |   2441 |   6 |  822.5 |
  Orcish Mines |   2183 |   2102 |     81 |    829 |    715 |   2 | 1091.5 |
         Sewer |    833 |    833 |      0 |    244 |    418 |   1 |  833.0 |
        Bailey |    520 |    520 |      0 |    287 |      0 |   1 |  520.0 |
      Ice Cave |   1497 |   1497 |      0 |    681 |    239 |   1 | 1497.0 |
               +--------+--------+--------+--------+--------+-----+--------+

Top non-repeatable levels by time:
     D:6: 2588 daAuts
     D:7: 2352 daAuts
    D:13: 2215 daAuts
     D:9: 2058 daAuts
    D:10: 1906 daAuts
    D:11: 1545 daAuts
   IceCv: 1497 daAuts
  Lair:2: 1406 daAuts
    D:12: 1337 daAuts
     D:5: 1310 daAuts
     D:2: 1287 daAuts
  Lair:3: 1245 daAuts
   Orc:1: 1212 daAuts
  Lair:1: 1209 daAuts
     D:1: 1155 daAuts
